 Dungeon Crawl Stone Soup version 0.22.0-6-g71bd7aa6b3 (webtiles) character file.

515836 Jannitor the Warrior (level 25, -12/273 HPs)
             Began as an Ogre Arcane Marksman on Aug 14, 2018.
             Was the Champion of Cheibriados.
             Blown up by an eye of devastation (43 damage)
             ... with a bolt of energy
             ... on level 5 of the Pits of Slime on Aug 15, 2018.
             The game lasted 02:33:17 (55444 turns).

Jannitor the Warrior (Ogre Arcane Marksman)        Turns: 55444, Time: 02:33:18

Health: -12/273    AC: 23    Str: 44    XL:     25   Next: 70%
Magic:  7/36       EV: 17    Int: 32    God:    Cheibriados [******]
Gold:   3557       SH:  0    Dex: 30    Spells: 1/42 levels left

rFire    + . .     SeeInvis +   G - +6 giant club of Karma {vamp, Dex+3 Stlth+}
rCold    . . .     Gourm    .   (shield currently unavailable)
rNeg     + . .     Faith    +   o - +0 shadow dragon scales
rPois    +         Spirit   .   F - +2 hat {MR+}
rElec    +         Reflect  .   O - +2 cloak
rCorr    +         Harm     .   (gloves unavailable)
MR       +++++     Rnd*Rage +   (boots unavailable) Stlth +++++.....NoTele +
                                a - amulet "Ponas" {Faith rF+ Str+7}
HPRegen  1.55/turn              A - ring of the Dropbear {-Tele rElec rN+ MR+++ Dex-2}
MPRegen  0.25/turn              n - ring "Ywecacs" {rCorr rElec rPois Str+3 SInv}

@: regenerating, studying Maces & Flails, very slow
A: large, unfitting armour, beak, hooves 1, berserk 1, mutation resistance 1,
tough skin 1, weak 1
}: 2/15 runes: decaying, serpentine
a: Bend Time, Temporal Distortion, Slouch, Step From Time, Renounce Religion


You were on level 5 of the Pits of Slime.
You worshipped Cheibriados.
Cheibriados was exalted by your worship.
You were hungry.

You visited 10 branches of the dungeon, and saw 47 of its levels.
You also visited: Labyrinth, Trove and Desolation.

You collected 4843 gold pieces.
You spent 1286 gold pieces at shops.

Inventory:

Hand Weapons
 c - the +9 giant club of Dismay {crush, Int+2 Dex+5}
   (You found it in a treasure trove)

   It inflicts extra damage upon your enemies.
   It affects your intelligence (+2).
   It affects your dexterity (+5).
 G - the +6 giant club of Karma (weapon) {vamp, Dex+3 Stlth+}
   (You found it in a treasure trove)

   It inflicts no extra harm, but heals its wielder when it wounds a living foe.
   It affects your dexterity (+3).
   It makes you more stealthy.
 I - the +4 giant spiked club "Gurecs" {flame, *Contam +Fly rElec rC+}
   (You found it in a treasure trove)

   It has been specially enchanted to burn those struck by it, causing extra
   injury to most foes and up to half again as much damage against particularly
   susceptible opponents.
   It protects you from cold.
   It insulates you from electricity.
   It lets you fly.
   It causes magical contamination when unequipped.
Missiles
 k - a throwing net
 r - 18 poisoned javelins
 t - 43 large rocks (quivered)
Armour
 d - +0 fire dragon scales
 o - +0 shadow dragon scales (worn)
 F - a +2 hat of magic resistance (worn)
 O - a +2 cloak (worn)
Jewellery
 a - the amulet "Ponas" (around neck) {Faith rF+ Str+7}
   (You took it off a death knight on level 3 of the Crypt)

   [amulet of faith]

   It allows you to gain divine favour quickly.
   It affects your strength (+7).
   It protects you from fire.
 i - an uncursed ring of resist corrosion
 m - an uncursed ring of flight
 n - the ring "Ywecacs" (right hand) {rCorr rElec rPois Str+3 SInv}
   (You bought it in a shop on level 1 of the Snake Pit)

   [ring of resist corrosion]

   It affects your strength (+3).
   It insulates you from electricity.
   It protects you from poison.
   It lets you see invisible.
 A - the ring of the Dropbear (left hand) {-Tele rElec rN+ MR+++ Dex-2}
   (You found it on level 3 of the Crypt)

   [ring of positive energy]

   It affects your dexterity (-2).
   It insulates you from electricity.
   It protects you from negative energy.
   It affects your resistance to hostile enchantments.
   It prevents most forms of teleportation.
 S - an uncursed ring of ice
 V - the ring "Witreacw" {rF+ rN+ Stlth+}
   (You took it off a deep elf mage on level 3 of the Elven Halls)

   [ring of positive energy]

   It protects you from fire.
   It protects you from negative energy.
   It makes you more stealthy.
 Z - an uncursed ring of protection from fire
Wands
 b - a wand of acid (15)
 s - a wand of digging (10)
 v - a wand of clouds (4)
 J - a wand of iceblast (40)
 K - a wand of flame (22)
 N - a wand of scattershot (21)
Scrolls
 g - a scroll of brand weapon
 j - 22 scrolls of remove curse
 l - 16 scrolls of teleportation
 q - 7 scrolls of enchant armour
 u - a scroll of enchant weapon
 w - 2 scrolls of immolation
 y - 3 scrolls of magic mapping
 D - 5 scrolls of fear
 E - 3 scrolls of fog
 Q - 4 scrolls of holy word
 R - 4 scrolls of amnesia
 T - 5 scrolls of identify
 W - a scroll of silence
Potions
 h - 17 potions of curing
 p - 8 potions of brilliance
 z - a potion of resistance
 B - 5 potions of might
 C - 5 potions of flight
 L - 3 potions of agility
 M - a potion of ambrosia
 P - 4 potions of heal wounds
 X - 6 potions of lignification
 Y - a potion of magic
Books
 U - a manual of Maces & Flails
Miscellaneous
 H - a lightning rod (4/4)
Comestibles
 f - 62 rations


   Skills:
 - Level 19.9 Fighting
 - Level 16.0 Maces & Flails
 - Level 14.0 Throwing
 - Level 14.5 Armour
 - Level 10.0 Dodging
 - Level 3.0 Stealth
 - Level 9.0 Spellcasting
 - Level 5.0 Hexes
 + Level 11.6 Charms
   Level 3.5 Summonings
 + Level 11.9 Necromancy
 - Level 6.6 Translocations
 + Level 11.2 Transmutations
 - Level 5.7 Ice Magic
 - Level 8.6 Air Magic
 - Level 13.5 Invocations


You had one spell level left.
You knew the following spells:

 Your Spells              Type           Power        Failure   Level  Hunger
a - Statue Form           Tmut/Erth      ######...    75%         6    #####..
b - Necromutation         Tmut/Necr      ######....   99%         8    #######
c - Freeze                Ice            ####         1%          1    None
e - Blink                 Tloc           N/A          1%          2    None
f - Regeneration          Chrm/Necr      ######....   1%          3    None
g - Portal Projectile     Hex/Tloc       ######       1%          3    None
h - Deflect Missiles      Chrm/Air       ######....   19%         6    #####..
i - Passwall              Tmut/Erth      ######..     1%          2    None
j - Cause Fear            Hex            #####.....   10%         4    None
k - Dispersal             Tloc           ######....   58%         6    #####..

Your spell library contained the following spells:

 Spells                   Type           Power        Failure   Level  Hunger
 Magic Dart               Conj           ##..         8%          1    None
 Bolt of Cold             Conj/Ice       ####......   98%         6    #####..
 Bolt of Magma            Conj/Fire/Erth ##........   91%         5    ###....
 Slow                     Hex            #####...     1%          2    None
 Throw Frost              Conj/Ice       ####..       3%          2    None
 Ring of Flames           Chrm/Fire      ######....   99%         7    ######.
 Venom Bolt               Conj/Pois      ##........   91%         5    ###....
 Teleport Other           Tloc           ######..     1%          3    None
 Death's Door             Chrm/Necr      ######....   99%         8    #######
 Iskenderun's Mystic Bla  Conj           ##......     58%         4    None
 Animate Dead             Necr           N/A          1%          4    None
 Pain                     Necr           ####         1%          1    None
 Animate Skeleton         Necr           N/A          1%          1    None
 Vampiric Draining        Necr           ######....   1%          3    None
 Haunt                    Necr/Summ      ######....   95%         7    ######.
 Borgnjor's Revivificati  Necr           ######....   98%         8    #######
 Summon Ice Beast         Ice/Summ       #####...     12%         4    None
 Ozocubu's Armour         Chrm/Ice       ######..     1%          3    None
 Call Imp                 Summ           #####...     2%          2    None
 Sting                    Conj/Pois      ##..         8%          1    None
 Sublimation of Blood     Necr           ######....   1%          2    None
 Iron Shot                Conj/Erth      ##........   100%        6    #####..
 Stone Arrow              Conj/Erth      ##....       22%         3    None
 Swiftness                Chrm/Air       ######..     1%          2    None
 Dragon Form              Tmut           ######....   54%         7    ######.
 Throw Icicle             Conj/Ice       ####....     24%         4    None
 Ignite Poison            Fire/Tmut/Pois #####...     4%          3    None
 Silence                  Hex/Air        ######....   13%         5    ###....
 Corona                   Hex            #####..      1%          1    None
 Alistair's Intoxication  Tmut/Pois      ######..     22%         5    ###....
 Lee's Rapid Deconstruct  Erth           ##........   91%         5    ###....
 Sandblast                Erth           ##....       8%          1    None
 Simulacrum               Ice/Necr       ######....   30%         6    #####..
 Petrify                  Tmut/Erth      ######..     8%          4    None
 Orb of Destruction       Conj           ##........   100%        7    ######.
 Leda's Liquefaction      Hex/Erth       ####......   26%         4    None
 Summon Hydra             Summ           #####.....   100%        7    ######.
 Shroud of Golubria       Chrm/Tloc      ######....   1%          2    None
 Inner Flame              Hex/Fire       ####....     9%          3    None
 Aura of Abjuration       Summ           #####.....   45%         5    ###....
 Iskenderun's Battlesphe  Conj/Chrm      ######..     19%         5    ###....
 Fulminant Prism          Conj/Hex       ####......   26%         4    None
 Dazzling Spray           Conj/Hex       ####..       9%          3    None
 Force Lance              Conj/Tloc      #####...     19%         4    None
 Infusion                 Chrm           ####         1%          1    None
 Song of Slaying          Chrm           ######..     1%          2    None
 Spectral Weapon          Hex/Chrm       ######..     1%          3    None
 Searing Ray              Conj           ##....       12%         2    None
 Discord                  Hex            #####.....   100%        8    #######
 Spellforged Servitor     Conj/Summ      ####......   100%        7    ######.
 Hydra Form               Tmut           ######....   12%         6    #####..
 Irradiate                Conj/Tmut      ######....   22%         5    ###....
 Yara's Violent Unravell  Hex/Tmut       ######....   8%          5    ###....
 Infestation              Necr           ######....   98%         8    #######
 Poisonous Vapours        Pois/Air       #####.       1%          2    None


Dungeon Overview and Level Annotations

Branches:
Dungeon (15/15)            Temple (1/1) D:4            Lair (6/6) D:11
  Swamp (4/4) Lair:3        Snake (4/4) Lair:4        Slime (5/5) Lair:6
    Orc (2/2) D:12            Elf (3/3) Orc:2        Vaults (4/5) D:13
  Crypt (3/3) Vaults:2       Tomb (0/3) Crypt:3      Depths (0/5) D:15

Altars:
Ashenzari
Cheibriados
Dithmenos
Elyvilon
Fedhas
Gozag
Hepliaklqana
Kikubaaqudgha
Makhleb
Nemelex Xobeh
Okawaru
Qazlal
Ru
Sif Muna
Trog
Uskayaw
Vehumet
Wu Jian
Xom
Yredelemnul
Zin
The Shining One
Beogh
Jiyva

Shops:
Orc:2 }%[?   Elf:1 ?   Snake:1 }=}   Vaults:3 (

Portals:
Pandemonium: Orc:2

Annotations:
D:3 1 runed door
Lair:5 3 runed doors, Hepraf's ghost, journeyman MiMo
Swamp:2 3 runed doors, Cuep's ghost, adept HOBe
Elf:2 3 runed doors
Vaults:1 3 runed doors, Oziu's ghost, veteran MiFi
Vaults:2 2 runed doors, Reogah's ghost, adept MfBe; Uggef's ghost, adept VSBe
Vaults:3 3 runed doors, Quagut's ghost, veteran MiFi


Innate Abilities, Weirdness & Mutations

You are too large for most types of armour.
You have tough skin. (AC +1)
You have a beak for a mouth.
You have large cloven feet.
You tend to lose your temper in combat.
You are somewhat resistant to further mutation.
You are weak. (Str -2)


Message History

Unknown command.
Unknown command.
You step out of the flow of time.
You hear a distant "Zot"! x2
You return to the normal time flow.
You feel somewhat more hungry.
Casting: Portal Projectile (safe; 1% risk of failure)
Confirm with . or Enter, or press ? or * to list all spells.
Your skin crawls.
You feel much better.
Your magical effects are unravelling.
You feel magically purged.
You feel a little less mighty now.
You feel a little less agile now.
Your skin stops crawling.
You are no longer corroded.
The death ooze quivers.
Casting: Regeneration (safe; 1% risk of failure)
Confirm with . or Enter, or press ? or * to list all spells.
Your skin crawls.
The eye of devastation gazes at you. The bolt of energy hits you!
You die...

...................<...#
........................
........................
........................
.......J................
........................
.##..G.##.#............
####.####............
#.@# ##........... #.##
##.......... #..#
###....... ..../ #.....
......!= ....
.=....).??# ..........##
.............
#............#


You could see an eye of devastation and a death ooze.

Vanquished Creatures
  the Royal Jelly (Slime:5)
  Khufu (Crypt:3)
  Mara (Crypt:1)
  Boris (Crypt:3)
  Vashnia (Snake:3)
  Xtahua (Vaults:2)
  Margery (Crypt:2)
  Nikola (Snake:3)
  Jory (Vaults:4)
  A profane servitor (Crypt:3)
  A bone dragon (Crypt:3)
  2 liches
  A deep elf blademaster (Elf:3)
  Asterion (Elf:1)
  2 deep elf master archers (Elf:3)
  3 sphinxes (Vaults:4)
  6 acid blobs
  7 ancient champions
  A thorn hunter (Swamp:3)
  A tengu reaver (Vaults:2)
  A shadow dragon (Vaults:2)
  A revenant (Crypt:3)
  8 nagarajas
  A frost giant (Vaults:4)
  2 fire giants
  7 azure jellies
  Donald (Elf:2)
  12 vault wardens
  An imperial myrmidon (Desolation)
  A caustic shrike zombie (Crypt:1)
  10 deep elf sorcerers
  2 curse skulls
  6 ghouls
  15 ironheart preservers
  Aizul (Crypt:1)
  3 deep elf elementalists (Elf:3)
  7 very ugly things
  An entropy weaver (Vaults:4)
  8 stone giants
  2 vampire knights (Crypt:3)
  5 deep elf demonologists
  Azrael (Orc:2)
  2 halazid warlocks (Desolation)
  7 deep elf annihilators (Elf:3)
  A minotaur (Lab)
  An eidolon (Crypt:2)
  A death ooze (Slime:2)
  7 deep elf death magi
  2 mummy priests (Crypt:3)
  3 deep elf high priests (Elf:3)
  11 jiangshi
  7 yaktaur captains
  13 ragged hierophants (Desolation)
  5 great orbs of eyes
  4 crystal guardians (Desolation)
  3 fire dragons
  Fannar (Lair:1)
  Erolcha (D:11)
  2 rakshasas (Vaults:3)
  A quicksilver dragon skeleton (Crypt:2)
  2 ice dragons
  14 vault guards
  17 hydras
  7 peacekeepers (Desolation)
  5 servants of whispers
  17 naga warriors
  A catoblepas (D:13)
  8 centaur warriors
  2 ghost crabs
  Erica (D:10)
  16 anacondas
  9 dancing weapons
  5 death knights
  2 tengu warriors (D:14)
  19 two-headed ogres
  6 alligators
  8 ogre magi
  6 orc high priests (Orc:2)
  Urug (Orc:2)
  18 naga sharpshooters
  3 small abominations
  10 shock serpents
  2 vampire magi
  4 hell knights (Vaults:4)
  13 deep elf knights
  2 large abominations (Crypt:3)
  A sun demon (Orc:2)
  A fire crab (Swamp:4)
  A fire crab (shapeshifter) (Vaults:2)
  A golden dragon zombie (Crypt:2)
  6 shadow wraiths
  4 deep trolls
  2 spriggan druids
  A sea snake (Lair:6)
  6 salamander mystics (Snake:4)
  7 swamp dragons
  An infernal demonspawn (Orc:2)
  37 skeletal warriors
  2 unseen horrors
  2 gelid demonspawn (Orc:2)
  6 glowing orange brains
  3 wizards
  6 flayed ghosts
  17 ironbrand convokers
  17 naga ritualists
  6 lindwurms
  11 deep elf archers
  9 necromancers
  A harpy (Lair:6)
  15 orc knights
  2 anaconda skeletons (Crypt:3)
  4 phantasmal warriors
  Pikel (D:6)
  A shambling mangrove (Swamp:4)
  3 wolf spiders
  20 mana vipers
  A spectral fire dragon (Crypt:3)
  5 shining eyes
  33 ugly things
  46 deep elf magi
  A manticore (D:15)
  6 orc sorcerers (Orc:2)
  6 cyclopes
  3 salamanders
  A sphinx skeleton (Crypt:1)
  2 elephants (Lair:6)
  13 guardian serpents
  2 guardian serpents (shapeshifter)
  16 naga magi
  2 eyes of devastation
  49 black mambas
  3 orange demons (Orc:2)
  A smoke demon (Orc:2)
  14 spiny frogs
  9 vault sentinels
  2 centaur skeletons
  A titan simulacrum (Crypt:3)
  2 molten gargoyles
  A spiny frog (shapeshifter) (Vaults:3)
  2 rime drakes
  19 yaktaurs
  3 kobold demonologists (D:14)
  A pale draconian zombie (Crypt:2)
  10 freezing wraiths
  11 komodo dragons
  A komodo dragon (shapeshifter) (Elf:2)
  7 guardian mummies (Crypt:3)
  A green draconian skeleton (Crypt:1)
  A tengu conjurer (Vaults:2)
  7 trolls
  A white draconian skeleton (Crypt:2)
  A jumping spider (shapeshifter) (D:13)
  10 hornets
  14 tyrant leeches
  75 saltlings
  A polar bear (shapeshifter) (Vaults:1)
  A blink frog (shapeshifter) (Vaults:4)
  2 death drake skeletons (Crypt:1)
  A hornet (shapeshifter) (Vaults:2)
  A harpy skeleton (D:14)
  A frost giant simulacrum (Vaults:2)
  14 dream sheep
  8 hippogriffs
  A stone giant simulacrum (Vaults:1)
  8 bog bodies
  2 polar bears (Lair:4)
  111 slime creatures
  A centaur simulacrum (D:15)
  A fire giant simulacrum (Vaults:3)
  A hippogriff (shapeshifter) (Vaults:1)
  4 air elementals
  2 redbacks (Vaults:4)
  50 flying skulls
  36 yaks
  6 spriggans (Swamp:3)
  7 shadows
  A wyvern (Lair:6)
  2 water elementals
  A human (shapeshifter) (Vaults:3)
  3 wraiths
  A hog (shapeshifter) (D:12)
  A fire bat (shapeshifter) (Vaults:4)
  8 fire elementals
  19 golden eyes
  A human (D:8)
  2 hungry ghosts
  10 wargs
  A steam dragon (Swamp:4)
  15 vampire mosquitoes
  A monstrous demonspawn zombie (Crypt:1)
  51 nagas
  21 insubstantial wisps
  16 swamp worms
  2 hell hounds (Orc:2)
  18 water moccasins
  4 acid dragons
  A hydra simulacrum (Crypt:2)
  A torturous demonspawn skeleton (Crypt:1)
  Duvessa (D:7)
  48 orc warriors
  A spiny frog skeleton (Crypt:1)
  8 porcupines
  9 swamp drakes
  A faun skeleton (Crypt:2)
  A black bear (shapeshifter) (Vaults:1)
  5 ice beasts
  3 slaves (D:6)
  7 eyes of draining
  4 necrophages (Crypt:3)
  30 ogres
  2 black bears
  5 boggarts (D:14)
  A swamp dragon zombie (Crypt:2)
  3 sky beasts
  15 centaurs
  5 wolves (Lair:2)
  11 crocodiles
  3 big kobolds
  A rime drake skeleton (Crypt:2)
  2 earth elementals (Elf:3)
  12 bullfrogs
  A gnoll sergeant (Orc:1)
  Dowan (D:7)
  A water moccasin zombie (D:12)
  3 cyclops skeletons
  3 wyvern skeletons
  12 killer bees
  7 scorpions
  2 howler monkeys
  9 wights
  A human simulacrum (Vaults:3)
  A lava snake (Swamp:4)
  11 crimson imps
  3 centaur zombies
  10 jellies
  3 hounds
  A quasit (D:11)
  A bullfrog zombie (D:12)
  29 orc priests
  2 bullfrog skeletons
  22 orc wizards
  Terence (D:2)
  5 iguanas
  14 worker ants
  Natasha (D:4)
  A porcupine skeleton (Crypt:2)
  A hound zombie (D:6)
  A hound skeleton (D:6)
  A worker ant zombie (D:5)
  Robin (D:2)
  8 gnolls
  A steam dragon zombie (Crypt:2)
  16 adders
  7 shadow imps
  2 oozes
  3 worms
  2 dart slugs
  5 leopard geckos
  109 orcs
  3 ball pythons
  7 bats
  A bat skeleton (Crypt:1)
  6 giant cockroaches
  13 goblins
  10 hobgoblins
  24 jackals
  15 kobolds
  A quokka (D:3)
  4 frilled lizards
  A giant cockroach zombie (D:6)
  A jackal skeleton (D:6)
  A jackal zombie (D:3)
  A quokka zombie (D:6)
  10 rats
  9 crawling corpses
2004 creatures vanquished.

Vanquished Creatures (collateral kills)
  A two-headed ogre (D:12)
  2 black mambas
  A komodo dragon (Lair:2)
  A troll (Orc:2)
  2 yaks (Lair:2)
  A wolf (Lair:2)
  A crocodile (Lair:4)
  2 orc priests (Orc:2)
  2 orc wizards (Orc:2)
  6 orcs
19 creatures vanquished.

Vanquished Creatures (others)
  A deep elf death mage (Elf:3)
  A hydra (Swamp:4)
  An ogre mage (Vaults:1)
  2 swamp dragons (Swamp:4)
  A naga mage (Snake:3)
  A saltling (Desolation)
  2 slime creatures
  A golden eye (Slime:2)
  2 steam dragons (Swamp:4)
  A vampire mosquito (Swamp:4)
  A naga (Snake:4)
  7 swamp drakes (Swamp:4)
  An ogre (Vaults:3)
  A crawling corpse (Elf:3)
  37 fungi
  30 plants
90 creatures vanquished.

Grand Total: 2113 creatures vanquished

Notes
Turn   | Place    | Note
-------+----------+-------------------------------------------
     0 | D:1      | Jannitor the Ogre Arcane Marksman began the quest for the Orb.
     0 | D:1      | Reached XP level 1. HP: 19/19 MP: 2/2
   279 | D:1      | Reached skill level 2 in Fighting
   285 | D:1      | HP: 1/20 [hobgoblin (4)]
   310 | D:1      | Reached XP level 2. HP: 4/28 MP: 3/3
   936 | D:1      | Reached XP level 3. HP: 29/36 MP: 4/4
   951 | D:1      | Reached skill level 3 in Fighting
  1355 | D:2      | Noticed Terence
  1382 | D:2      | Killed Terence
  1385 | D:1      | Reached XP level 4. HP: 3/45 MP: 5/5
  2048 | D:2      | Reached skill level 4 in Fighting
  2330 | D:2      | Noticed Robin
  2335 | D:2      | Reached skill level 1 in Maces & Flails
  2343 | D:2      | Killed Robin
  2776 | D:2      | Found a blossoming altar of Fedhas.
  2854 | D:3      | Reached XP level 5. HP: 45/55 MP: 6/6
  3795 | D:3      | Found a runed door.
  3795 | D:3      | Noticed a human
  3801 | D:3      | Found a basalt altar of Yredelemnul.
  3970 | D:4      | Found a staircase to the Ecumenical Temple.
  3980 | Temple   | Entered the Ecumenical Temple
  4207 | Temple   | Became a worshipper of Cheibriados the Contemplative
  4460 | D:4      | Reached skill level 5 in Fighting
  4741 | D:4      | Noticed Natasha
  4754 | D:4      | Killed Natasha
  4754 | D:4      | Reached XP level 6. HP: 66/66 MP: 7/7
  5618 | D:5      | Entered Level 5 of the Dungeon
  5653 | D:5      | Noticed an orc warrior
  5680 | D:4      | Killed an orc warrior
  5969 | D:4      | Reached skill level 6 in Fighting
  5969 | D:4      | Reached XP level 7. HP: 49/75 MP: 8/8
  6171 | D:5      | Reached * piety under Cheibriados
  6821 | D:5      | Reached skill level 7 in Fighting
  7086 | D:6      | Reached XP level 8. HP: 84/87 MP: 9/9
  7219 | D:6      | Reached ** piety under Cheibriados
  7378 | D:6      | Reached skill level 8 in Fighting
  7511 | D:6      | Learned a level 3 spell: Ozocubu's Armour
  7513 | D:6      | Learned a level 1 spell: Freeze
  7551 | D:6      | Reached skill level 5 in Maces & Flails
  7577 | D:6      | Reached skill level 1 in Ice Magic
  8046 | D:6      | Reached skill level 5 in Dodging
  8145 | D:6      | Found an opulent altar of Gozag.
  8175 | D:6      | Reached *** piety under Cheibriados
  8211 | D:7      | Noticed Pikel
  8321 | D:6      | Killed Pikel
  8321 | D:6      | Reached skill level 9 in Fighting
  8321 | D:6      | Reached XP level 9. HP: 76/98 MP: 6/10
  8407 | D:7      | Noticed Duvessa
  8409 | D:7      | Noticed Dowan
  8430 | D:7      | Killed Duvessa
  8439 | D:7      | Killed Dowan
  8443 | D:7      | Reached skill level 1 in Invocations
  9359 | D:8      | Found a stormy altar of Qazlal.
  9448 | D:8      | Found an iron altar of Okawaru.
  9473 | D:8      | Reached **** piety under Cheibriados
  9730 | D:8      | Found a bloodstained altar of Trog.
  9781 | D:8      | Found a hazy altar of Hepliaklqana.
  9785 | D:8      | Reached skill level 10 in Fighting
  9834 | D:8      | Reached XP level 10. HP: 110/110 MP: 12/12
  9882 | D:8      | Found an ancient bone altar of Kikubaaqudgha.
  9883 | D:8      | Found a shattered altar of Ashenzari.
  9883 | D:8      | Found a glowing golden altar of the Shining One.
  9885 | D:8      | Found a white marble altar of Elyvilon.
  9885 | D:8      | Found an ornate altar of the Wu Jian Council.
  9904 | D:8      | Found a shadowy altar of Dithmenos.
 10965 | D:9      | Noticed a two-headed ogre
 10969 | D:9      | Killed a two-headed ogre
 10969 | D:9      | Reached skill level 5 in Invocations
 10995 | D:9      | Noticed a two-headed ogre
 11002 | D:9      | Killed a two-headed ogre
 11002 | D:9      | Reached skill level 11 in Fighting
 11002 | D:9      | Reached skill level 5 in Ice Magic
 11256 | D:9      | Reached XP level 11. HP: 117/120 MP: 0/15
 11294 | D:9      | Found a deep blue altar of Sif Muna.
 11331 | D:10     | Entered Level 10 of the Dungeon
 11417 | D:10     | Reached ***** piety under Cheibriados
 11456 | D:10     | Noticed Erica
 11461 | D:10     | Killed Erica
 11689 | D:10     | Learned a level 4 spell: Summon Ice Beast
 11716 | D:10     | Identified the Catalogue of Aid and the Compass
 11775 | D:10     | Killed an unseen horror
 12130 | D:10     | Learned a level 2 spell: Blink
 12337 | D:11     | Reached skill level 1 in Summonings
 12432 | D:11     | Noticed a brown ugly thing
 12444 | D:11     | Killed a brown ugly thing
 12469 | D:11     | Found a staircase to the Lair.
 12556 | D:11     | Found a labyrinth entrance.
 12563 | Lab      | Entered a labyrinth
 12919 | Lab      | Noticed a minotaur
 12929 | Lab      | Killed a minotaur
 13408 | D:11     | Noticed Erolcha
 13416 | D:11     | Killed Erolcha
 13543 | D:11     | Reached skill level 12 in Fighting
 13727 | D:11     | Reached XP level 12. HP: 130/132 MP: 13/17
 13936 | D:12     | Noticed a five-headed hydra
 13941 | D:12     | Noticed a two-headed ogre
 13944 | D:12     | Noticed a two-headed ogre
 14224 | D:12     | Noticed an eight-headed hydra
 14229 | D:12     | Gained mutation: You are partially covered in rugged brown scales. (AC +1, +3% HP) [potion of mutation]
 14229 | D:12     | Gained mutation: You have a pair of small horns on your head. [potion of mutation]
 14229 | D:12     | Gained mutation: You have a beak for a mouth. [potion of mutation]
 14229 | D:12     | Gained mutation: Your natural rate of healing is unusually fast. [potion of mutation]
 14235 | D:12     | Killed an eight-headed hydra
 14274 | D:12     | Noticed a two-headed ogre
 14286 | D:12     | Killed a two-headed ogre
 14381 | D:12     | Found a staircase to the Orcish Mines.
 14494 | D:12     | Killed a five-headed hydra
 14730 | D:12     | Found a portal to a secret trove of treasure.
 14832 | D:12     | Killed a two-headed ogre
 14925 | D:12     | Killed a two-headed ogre
 15234 | Lair:1   | Entered Level 1 of the Lair of Beasts
 15305 | Lair:1   | Noticed Fannar
 15306 | Lair:1   | Identified a scroll of acquirement
 15307 | Lair:1   | Got a fine dire flail
 15308 | Lair:1   | Identified the +4 dire flail "Xenlet" {pain, *Rage *Corrode rPois Int+6} (You acquired it on level 1 of the Lair of Beasts)
 15318 | Lair:1   | Killed Fannar
 15352 | Lair:1   | Reached skill level 5 in Throwing
 15647 | Lair:1   | Reached skill level 5 in Spellcasting
 16170 | Lair:2   | Reached skill level 13 in Fighting
 16170 | Lair:2   | Reached XP level 13. HP: 144/148 MP: 21/21
 17239 | Lair:3   | Found a staircase to the Swamp.
 17569 | Lair:3   | Learned a level 3 spell: Regeneration
 17613 | Lair:4   | Found a staircase to the Snake Pit.
 18301 | Lair:4   | Reached skill level 1 in Charms
 18311 | Lair:4   | Reached ****** piety under Cheibriados
 18583 | Lair:5   | Noticed Hepraf's ghost (journeyman MiMo)
 18583 | Lair:5   | Found a runed gate.
 18593 | Lair:5   | Found a runed gate.
 18593 | Lair:5   | Found a runed gate.
 19497 | Lair:6   | Entered Level 6 of the Lair of Beasts
 19497 | Lair:6   | Found a staircase to the Slime Pits.
 19497 | Lair:6   | Found a viscous altar of Jiyva.
 19632 | Lair:6   | Reached XP level 14. HP: 60/158 MP: 17/23
 19636 | Lair:6   | Reached skill level 10 in Maces & Flails
 19801 | Lair:6   | Reached skill level 14 in Fighting
 19844 | Lair:6   | Reached skill level 10 in Dodging
 20095 | Orc:1    | Entered Level 1 of the Orcish Mines
 20365 | Orc:1    | Reached skill level 10 in Invocations
 20367 | Orc:1    | Reached skill level 1 in Armour
 20848 | Orc:2    | Entered Level 2 of the Orcish Mines
 20979 | Orc:2    | Found a staircase to the Elven Halls.
 21493 | Orc:2    | Found Yjoacwina's Food Shop.
 21523 | Orc:2    | Found Osuok's Magic Scroll Boutique.
 21947 | Orc:2    | Noticed Urug
 21954 | Orc:2    | Found a roughly hewn altar of Beogh.
 21961 | Orc:2    | Killed Urug
 22029 | Orc:2    | Noticed Azrael
 22041 | Orc:2    | Killed Azrael
 22216 | Orc:2    | Bought a scroll of teleportation for 48 gold pieces
 22216 | Orc:2    | Bought a scroll of teleportation for 48 gold pieces
 22216 | Orc:2    | Bought a scroll of identify for 32 gold pieces
 22604 | Orc:2    | Reached XP level 15. HP: 147/169 MP: 19/24
 22678 | Orc:2    | Found Foemuen's Gadget Emporium.
 22678 | Orc:2    | Found Kaul's Antique Armour Shoppe.
 22678 | Orc:2    | Found a one-way gate leading to the halls of Pandemonium.
 22785 | D:12     | You paid a toll of a +5 demon whip to enter a treasure trove
 22786 | Trove    | Entered a treasure trove
 22795 | Trove    | Got a pitted giant club
 22796 | Trove    | Identified the +9 giant club of Dismay {crush, Int+2 Dex+5} (You found it in a treasure trove)
 22800 | Trove    | Got an ichor-stained giant club
 22804 | Trove    | Got a steaming giant spiked club
 22805 | Trove    | Identified the +4 giant spiked club "Gurecs" {flame, *Contam +Fly rElec rC+} (You found it in a treasure trove)
 22812 | Trove    | Got a slimy demon whip
 22822 | Trove    | Got a crude morningstar
 22823 | Trove    | Identified the +6 morningstar of the Equator {antimagic, rF- Int+4 Dex+4} (You found it in a treasure trove)
 22835 | Trove    | Identified the +6 giant club of Karma {vamp, Dex+3 Stlth+} (You found it in a treasure trove)
 23099 | Swamp:1  | Entered Level 1 of the Swamp
 23271 | Swamp:1  | Reached skill level 15 in Fighting
 23288 | Swamp:1  | Reached skill level 5 in Armour
 24286 | Swamp:2  | Found a runed gate.
 24287 | Swamp:2  | Found a runed gate.
 24288 | Swamp:2  | Found a runed gate.
 24290 | Swamp:2  | Noticed Cuep's ghost (adept HOBe)
 25671 | Swamp:3  | Noticed a thorn hunter
 25677 | Swamp:3  | Killed a thorn hunter
 25936 | Swamp:4  | Entered Level 4 of the Swamp
 26014 | Swamp:4  | Reached XP level 16. HP: 183/183 MP: 23/25
 26390 | Swamp:4  | Reached skill level 16 in Fighting
 26390 | Swamp:4  | Reached skill level 10 in Throwing
 26779 | D:13     | Found a gate to the Vaults.
 28138 | D:15     | Entered Level 15 of the Dungeon
 28181 | D:15     | Found a staircase to the Depths.
 28345 | D:15     | Learned a level 3 spell: Portal Projectile
 28352 | D:15     | Learned a level 6 spell: Deflect Missiles
 28460 | D:15     | Found a blossoming altar of Fedhas.
 29399 | Swamp:4  | Got a decaying rune of Zot
 29470 | Swamp:4  | Reached skill level 1 in Translocations
 29736 | Snake:1  | Entered Level 1 of the Snake Pit
 29877 | Snake:1  | Noticed a nagaraja
 29884 | Snake:1  | Killed a nagaraja
 29939 | Snake:1  | Reached XP level 17. HP: 193/193 MP: 26/26
 30768 | Snake:1  | Found Witafede's Gadget Boutique.
 30768 | Snake:1  | Found Dis Yxzu's Jewellery Shoppe.
 30769 | Snake:1  | Found Teasadd's Gadget Boutique.
 30776 | Snake:1  | Bought the ring "Ywecacs" {rCorr rElec rPois Str+3 SInv} for 633 gold pieces
 32156 | Snake:3  | Noticed Vashnia
 32655 | Snake:3  | Killed Vashnia
 32655 | Snake:3  | Reached skill level 10 in Armour
 32662 | Snake:3  | Reached skill level 17 in Fighting
 32740 | Snake:3  | Reached skill level 5 in Charms
 32809 | Snake:3  | Noticed Nikola
 32816 | Snake:3  | Killed Nikola
 33289 | Snake:4  | Entered Level 4 of the Snake Pit
 33301 | Snake:3  | Reached XP level 18. HP: 171/207 MP: 27/27
 34106 | Vaults:1 | Entered Level 1 of the Vaults
 34744 | Vaults:1 | Reached skill level 5 in Translocations
 34747 | Vaults:1 | Reached skill level 1 in Stealth
 35127 | Vaults:1 | Reached skill level 1 in Air Magic
 35243 | Vaults:1 | Learned a level 2 spell: Passwall
 35413 | Vaults:1 | Found a runed gate.
 35413 | Vaults:1 | Found a runed gate.
 35413 | Vaults:1 | Found a runed gate.
 35417 | Vaults:1 | Noticed Oziu's ghost (veteran MiFi)
 35423 | Vaults:1 | Found a roughly hewn altar of Beogh.
 35969 | Vaults:2 | Found a ruined gateway.
 35989 | Desolati | Entered the Desolation of Salt
 36016 | Desolati | Reached XP level 19. HP: 202/216 MP: 26/29
 36075 | Desolati | Got a heavily runed bronze ring
 36076 | Desolati | Identified the ring of Hard Scrabble {rN+ Int+4} (You found it in the Desolation of Salt)
 36628 | Desolati | Identified the Guide on Evil Changing
 36811 | Desolati | Reached skill level 18 in Fighting
 36940 | Desolati | Found the +12 Vampire's Tooth {vamp}
 36946 | Desolati | Got a flickering pewter ring
 36950 | Desolati | Identified the ring "Metaumne" {rCorr rC- Str+3 Int+3 Dex+2} (You found it in the Desolation of Salt)
 37096 | Desolati | Reached skill level 1 in Necromancy
 37669 | Vaults:2 | Found a staircase to the Crypt.
 37957 | Vaults:2 | Noticed Reogah's ghost (adept MfBe)
 37958 | Vaults:2 | Noticed Uggef's ghost (adept VSBe)
 37959 | Vaults:2 | Found a large runed door.
 37961 | Vaults:2 | Found a large runed door.
 38067 | Vaults:2 | Reached XP level 20. HP: 228/228 MP: 27/32
 38398 | Vaults:2 | Found a radiant altar of Vehumet.
 39566 | Vaults:3 | Found Jiach's Antique Weapon Boutique.
 39936 | Vaults:3 | Reached skill level 5 in Air Magic
 41155 | Vaults:3 | Found a runed gate.
 41155 | Vaults:3 | Found a runed gate.
 41156 | Vaults:3 | Found a runed gate.
 41157 | Vaults:3 | Noticed Quagut's ghost (veteran MiFi)
 41463 | Vaults:4 | Noticed Jory
 41473 | Vaults:4 | Killed Jory
 41618 | Vaults:4 | Reached XP level 21. HP: 202/238 MP: 27/34
 41687 | Vaults:4 | Learned a level 4 spell: Cause Fear
 41724 | Vaults:4 | Learned a level 6 spell: Dispersal
 42025 | Vaults:4 | Reached skill level 19 in Fighting
 42995 | Snake:4  | Reached skill level 15 in Maces & Flails
 43848 | Snake:4  | Reached XP level 22. HP: 251/251 MP: 35/35
 43997 | Snake:4  | Got a serpentine rune of Zot
 44404 | Elf:1    | Entered Level 1 of the Elven Halls
 44472 | Elf:1    | Reached skill level 5 in Hexes
 44505 | Elf:1    | Learned a level 6 spell: Statue Form
 44572 | Elf:1    | Found Ymoisyme's Magic Scroll Emporium.
 44576 | Elf:1    | Bought a scroll of silence for 127 gold pieces
 44576 | Elf:1    | Bought a scroll of enchant armour for 127 gold pieces
 44576 | Elf:1    | Bought a scroll of magic mapping for 59 gold pieces
 44576 | Elf:1    | Bought a scroll of teleportation for 51 gold pieces
 44576 | Elf:1    | Bought a scroll of identify for 34 gold pieces
 44578 | Elf:1    | Bought a scroll of holy word for 127 gold pieces
 45043 | Elf:1    | Noticed Asterion
 45358 | Elf:2    | Found a runed gate.
 45358 | Elf:2    | Found a runed gate.
 45358 | Elf:2    | Found a runed gate.
 45438 | Elf:2    | Found the +5 robe of Night {Dark MR+ SInv}
 45467 | Elf:2    | Noticed Donald
 45479 | Elf:2    | Killed Donald
 45871 | Elf:3    | Entered Level 3 of the Elven Halls
 46169 | Elf:3    | Reached skill level 10 in Charms
 46310 | Elf:3    | Reached XP level 23. HP: 251/261 MP: 29/36
 46311 | Elf:3    | Identified the ring "Witreacw" {rF+ rN+ Stlth+} (You took it off a deep elf mage on level 3 of the Elven Halls)
 46503 | Elf:3    | Identified the Collected Works on the Snowflakes
 46514 | Elf:3    | Identified the ring "Moidghoy" {MP+9 Slay+2} (You found it on level 3 of the Elven Halls)
 46585 | Elf:3    | Identified the Catalogue of Nocuous Summoning
 46675 | Elf:3    | Reached skill level 1 in Transmutations
 46909 | Elf:3    | Identified the +2 ice dragon scales of Wrong Decisions {rF- rC++ Str+4 Int+4} (You acquired it on level 3 of the Elven Halls)
 47180 | Elf:1    | Killed Asterion
 47364 | Crypt:1  | Entered Level 1 of the Crypt
 47368 | Crypt:1  | Noticed Xtahua
 47369 | Crypt:1  | Noticed Aizul
 47433 | Vaults:2 | Killed Xtahua
 47433 | Vaults:2 | Reached skill level 5 in Necromancy
 47433 | Vaults:2 | Reached XP level 24. HP: 173/270 MP: 36/36
 47529 | Crypt:1  | Killed Aizul
 48408 | Crypt:1  | Noticed Mara
 48430 | Crypt:1  | Noticed Jannitor's illusion
 48432 | Crypt:1  | Killed Mara
 48435 | Crypt:1  | Reached skill level 5 in Transmutations
 48857 | Crypt:2  | Noticed Margery
 48875 | Crypt:2  | Killed Margery
 49740 | Crypt:2  | Identified the +1 large shield "Feluifio" {+Blink Str+2 Slay+5} (You acquired it on level 2 of the Crypt)
 50375 | Crypt:3  | Entered Level 3 of the Crypt
 50724 | Crypt:3  | Noticed Boris
 50732 | Crypt:3  | Killed Boris
 50773 | Crypt:3  | Found a basalt altar of Yredelemnul.
 51446 | Crypt:3  | Reached skill level 10 in Necromancy
 51565 | Crypt:3  | Noticed Khufu
 51586 | Crypt:3  | Reached XP level 25. HP: 235/277 MP: 18/36
 51757 | Crypt:3  | Got a flickering copper amulet
 51774 | Crypt:3  | Identified the amulet "Ponas" {Faith rF+ Str+7} (You took it off a death knight on level 3 of the Crypt)
 51816 | Crypt:3  | Found a staircase to the Tomb.
 51940 | Crypt:3  | Killed Khufu
 52124 | Crypt:3  | Reached skill level 10 in Transmutations
 52137 | Crypt:3  | Identified the ring "Rewuigreon" {rN+ SInv} (You found it on level 3 of the Crypt)
 52138 | Crypt:3  | Identified the ring of the Dropbear {-Tele rElec rN+ MR+++ Dex-2} (You found it on level 3 of the Crypt)
 52541 | Slime:1  | Entered Level 1 of the Pits of Slime
 53605 | Slime:2  | Gained mutation: Scrolls take you a little longer to read. [a shining eye]
 53909 | Slime:1  | Gained mutation: You are weak. (Str -2) [a shining eye]
 54352 | Slime:3  | Learned a level 8 spell: Necromutation
 55370 | Slime:5  | Entered Level 5 of the Pits of Slime
 55372 | Slime:5  | Gained mutation: You tend to lose your temper in combat. [a shining eye]
 55374 | Slime:5  | Lost mutation: You have a pair of small horns on your head. [potion of mutation]
 55374 | Slime:5  | Lost mutation: Scrolls take you a little longer to read. [potion of mutation]
 55374 | Slime:5  | Gained mutation: Your flesh is heat resistant. (rF+) [potion of mutation]
 55375 | Slime:5  | Lost mutation: Your flesh is heat resistant. (rF+) [potion of mutation]
 55375 | Slime:5  | Lost mutation: You are partially covered in rugged brown scales. (AC +1, +3% HP) [potion of mutation]
 55375 | Slime:5  | Lost mutation: Your natural rate of healing is unusually fast. [potion of mutation]
 55375 | Slime:5  | Gained mutation: You have large cloven feet. [potion of mutation]
 55375 | Slime:5  | Gained mutation: You are somewhat resistant to further mutation. [potion of mutation]
 55421 | Slime:5  | Noticed the Royal Jelly
 55425 | Slime:5  | Found a viscous altar of Jiyva.
 55437 | Slime:5  | Killed the Royal Jelly
 55437 | Slime:5  | HP: 12/269 [acid[the Royal Jelly] (5)]
 55444 | Slime:5  | Blown up by an eye of devastation

Skill      XL: |  1  2  3  4  5  6  7  8  9 10 11 12 13 14 15 16 17 18 19 20 21 22 23 24 25 |
---------------+----------------------------------------------------------------------------+-----
Fighting       | 2 3 4 5 6 7 9 10 11 12 13 14 15 16 17 18 19 | 19.9
Throwing       | 3 5 7 8 9 10 11 12 13 14 | 14.0
Maces & Flails | 1 2 3 4 5 6 7 8 9 10 11 12 13 14 15 16 | 16.0
Dodging        | 2 3 5 6 7 8 9 10 | 10.0
Ice Magic      | 2 3 5 |  5.7
Invocations    | 3 5 6 8 9 10 11 12 13 | 13.5
Summonings     | 2 3 |  3.5
Spellcasting   | 3 5 6 8 9 |  9.0
Charms         | 2 3 5 6 7 8 9 10 11 | 11.6
Armour         | 4 7 9 10 11 12 13 14 | 14.5
Translocations | 1 4 5 6 |  6.6
Stealth        | 2 3 |  3.0
Air Magic      | 1 4 5 6 8 |  8.6
Necromancy     | 2 4 5 10 11 | 11.9
Hexes          | 4 5 |  5.0
Transmutations | 2 9 11 | 11.2

Action                   |  1- 3 |  4- 6 |  7- 9 | 10-12 | 13-15 | 16-18 | 19-21 | 22-24 | 25-27 || total
-------------------------+-------+-------+-------+-------+-------+-------+-------+-------+-------++-------
Melee: Unarmed           |    71 |       |       |       |       |       |       |       |       ||    71
       Short sword       |    86 |     2 |       |       |       |       |       |       |       ||    88
       Morningstar       |       |   192 |   307 |   443 |   322 |       |       |       |       ||  1264
       Headbutt          |       |       |       |    60 |   358 |   384 |   358 |   286 |   121 ||  1567
       Peck              |       |       |       |    42 |   331 |   378 |   352 |   304 |   114 ||  1521
       Dire flail        |       |       |       |    13 |   303 |       |       |       |       ||   316
       Giant club        |       |       |       |       |   335 |  1031 |   984 |   883 |   346 ||  3579
       Kick              |       |       |       |       |       |       |       |       |    27 ||    27
Throw: Large rock        |     3 |       |     4 |    13 |    75 |    82 |   154 |    85 |    12 ||   428
       Throwing net      |       |       |     2 |     1 |       |     1 |       |       |       ||     4
       Tomahawk          |       |       |       |    11 |       |       |       |       |       ||    11
       Javelin           |       |       |       |       |       |    17 |       |       |       ||    17
 Cast: Freeze            |       |       |       |    10 |       |       |       |       |       ||    10
       Ozocubu's Armour  |       |       |       |    12 |    48 |       |       |       |       ||    60
       Summon Ice Beast  |       |       |       |     7 |    17 |       |       |       |     1 ||    25
       Regeneration      |       |       |       |       |    18 |    18 |    23 |    14 |     3 ||    76
       Portal Projectile |       |       |       |       |       |     3 |    35 |    19 |     4 ||    61
       Deflect Missiles  |       |       |       |       |       |       |       |       |     1 ||     1
Invok: Bend Time         |       |       |     1 |     4 |       |       |       |       |       ||     5
       Slouch            |       |       |       |     7 |    21 |     2 |    10 |     4 |     1 ||    45
       Step From Time    |       |       |       |       |       |     1 |     2 |     3 |     2 ||     8
       Temporal Distorti |       |       |       |       |       |     1 |       |     1 |       ||     2
Evoke: Wand              |       |     7 |     5 |     3 |       |     1 |     1 |     1 |     1 ||    19
  Use: Potion            |     5 |     2 |     4 |     3 |     3 |     6 |     2 |     1 |     6 ||    32
       Scroll            |       |     8 |     4 |    14 |     8 |     9 |     8 |    14 |     4 ||    69
 Stab: Invisible         |     2 |       |       |       |       |       |       |       |       ||     2
       Paralysed         |       |    12 |     6 |       |       |       |       |       |       ||    18
       Sleeping          |       |     1 |     1 |     5 |     8 |    10 |     6 |    11 |     5 ||    47
       Distracted        |       |       |       |       |     3 |     1 |     3 |     6 |       ||    13
       Confused          |       |       |       |       |     1 |       |     1 |     1 |       ||     3
  Eat: Chunk             |     2 |    15 |     6 |    10 |    20 |    15 |    15 |     8 |       ||    91
       Ration            |       |       |       |     2 |     2 |     2 |     1 |     3 |     2 ||    12
Armor: Robe              |    55 |    48 |    91 |    97 |    90 |       |       |       |       ||   381
       Skin              |       |    14 |    19 |       |       |       |       |       |       ||    33
       Troll leather arm |       |       |       |       |   173 |       |       |       |       ||   173
       Swamp dragon scal |       |       |       |       |   104 |   218 |       |       |       ||   322
       Fire dragon scale |       |       |       |       |       |   172 |       |       |       ||   172
       Ice dragon scales |       |       |       |       |       |    50 |   122 |       |       ||   172
       Shadow dragon sca |       |       |       |       |       |       |   314 |   446 |   189 ||   949
Dodge: Dodged            |   118 |   121 |   292 |   508 |  1170 |  1387 |  1186 |   875 |   314 ||  5971
       Deflected         |       |       |       |       |       |    74 |    61 |    38 |     8 ||   181
